Capitals vs Kings

Created - 23 février 2019 at 19:09

Goals
1 2 3 T
Capitals 0 0 1 1
Kings 1 1 1 3
Shots
1 2 3 T
Capitals 12 7 6 25
Kings 7 12 15 34

1st period

1. Kings , Joe Pavelski 20 (Nick Bjugstad 10, John Moore 18) at 1:37

Penalties :
Erik Johnson (LOS) for Unsportsmanlike conduct (Minor) at 3:25, Derek Dorsett (WSH) for Roughing (Minor) at 8:22, John Moore (LOS) for Holding (Minor) at 12:24, Anthony Cirelli (LOS) for Goalie Interference (Minor) at 19:35

2nd period

2. Kings , Austin Watson 10 (Matt Hunwick 12, Joe Pavelski 22) at 17:10 (SH)

Penalties :
Patrik Berglund (LOS) for Hooking (Minor) at 0:55, Derek Dorsett (WSH) for Holding (Minor) at 7:34, Nick Bjugstad (LOS) for Holding (Minor) at 15:13, Klas Dahlbeck (LOS) for Tripping (Minor) at 17:37

3rd period

3. Kings , Jesper Fast 9 (Daniel Sedin 18, Jonathan Toews 31) at 6:13 (PP)
4. Capitals , Derek Dorsett 7 (Dmitri Orlov 15, Calvin de Haan 14) at 11:16

Penalties :
Ryan McDonagh (WSH) for Holding (Minor) at 4:31, Dmitri Orlov (WSH) for Holding Stick (Minor) at 16:16

Goalie Stats

Martin Jones (WSH), 31 saves from 34 shots - (0.912), L, 15-20-6, 60:00 minutes
Jacob Markstrom (LOS), 24 saves from 25 shots - (0.960), W, 6-8-1, 60:00 minutes

Players Stats for Capitals

Player Name              G  A  P  +/- PIM S  H  SB GA TA FO     MP     PP MP  PK MP  
------------------------------------------------------------------------------------
Alexander Ovechkin       0  0  0  -1  0   2  1  0  0  0  1/3    25:01   5:58   2:58 
Ben Chiarot              0  0  0  -1  0   0  3  0  0  0  0/0    14:04   0:00   0:43 
Brandon Davidson         0  0  0   0  0   0  1  0  0  0  0/0     2:47   0:00   0:00 
Calvin de Haan           0  1  1   0  0   0  3  0  0  0  0/0    14:59   0:39   1:33 
Chris Thorburn           0  0  0   0  0   0  1  0  0  0  0/0     4:56   0:00   0:00 
Cody Eakin               0  0  0   0  0   3  0  0  0  0  1/3    20:41   5:17   3:31 
David Desharnais         0  0  0  -1  0   2  1  0  0  0  2/11   21:14   5:17   4:17 
Derek Dorsett            1  0  1   1  4   1  4  0  0  0  4/9    13:41   0:00   0:00 
Dmitri Orlov             0  1  1   1  2   4  3  0  0  0  0/0    19:43   4:54   2:52 
Evan Rodrigues           0  0  0   0  0   3  0  0  0  0  0/0    13:57   0:00   1:02 
Lukas Sedlak             0  0  0   1  0   1  0  0  0  0  0/1    13:30   0:00   0:00 
Mathieu Perreault        0  0  0  -2  0   3  1  0  0  0  11/21  16:03   4:51   0:12 
Mike Green               0  0  0   0  0   0  2  1  0  0  0/0    21:57   4:54   4:03 
Morgan Rielly            0  0  0   0  0   3  0  3  0  0  0/0    22:01   5:42   3:19 
Ryan Kesler              0  0  0   0  0   0  4  0  0  0  9/18   19:28   6:24   1:24 
Ryan McDonagh            0  0  0  -2  2   2  0  2  0  0  0/0    24:27   6:21   2:48 
Ryan Murphy              0  0  0   0  0   0  0  0  0  0  0/0     0:00   0:00   0:00 
Taylor Hall              0  0  0  -1  0   1  1  0  0  0  4/10   23:48   5:58   1:54 

Players Stats for Kings

Player Name              G  A  P  +/- PIM S  H  SB GA TA FO     MP     PP MP  PK MP  
------------------------------------------------------------------------------------
Anthony Cirelli          0  0  0   0  2   1  0  0  0  0  3/6     8:28   0:00   0:00 
Austin Watson            1  0  1   1  0   2  4  1  0  0  0/0    10:27   0:00   0:48 
Daniel Sedin             0  1  1  -1  0   3  1  0  0  0  0/2    15:10   3:46   0:00 
Erik Johnson             0  0  0   0  2   2  0  1  0  0  0/0    24:52   3:40   5:27 
Jesper Fast              1  0  1   0  0   2  3  0  0  0  0/0    12:28   3:59   0:00 
Joe Pavelski             1  1  2   2  0   3  1  0  0  0  15/27  22:14   3:40   7:00 
John Moore               0  1  1   0  2   1  1  1  0  0  0/0    23:07   3:17   4:49 
Jonathan Toews           0  1  1  -1  0   3  0  0  0  0  10/20  22:02   3:59   6:39 
Klas Dahlbeck            0  0  0   0  2   0  2  0  0  0  0/0    15:26   0:00   2:25 
Mark Jankowski           0  0  0  -1  0   1  2  0  0  0  0/0    11:37   0:13   0:00 
Matt Hunwick             0  1  1   1  0   4  0  2  0  0  0/0    21:09   3:59   4:52 
Mikael Backlund          0  0  0   0  0   1  1  0  0  0  10/15  12:48   0:00   3:09 
Nick Bjugstad            0  1  1   1  2   5  0  0  0  0  0/0    15:13   3:40   0:00 
Oskar Sundqvist          0  0  0   0  0   1  0  0  0  0  2/2    10:07   0:00   1:38 
Patrik Berglund          0  0  0   1  2   3  0  1  0  0  4/4    17:50   3:40   2:36 
Stephen Johns            0  0  0   1  0   1  5  0  0  0  0/0    20:40   3:59   4:23 
Travis Sanheim           0  0  0   0  0   0  0  3  0  0  0/0    14:43   0:23   0:34 
Victor Rask              0  0  0   0  0   1  0  0  0  0  0/0     9:39   0:00   0:00 

3 Stars

1 - Joe Pavelski (LOS)
2 - Austin Watson (LOS)
3 - Jesper Fast (LOS)

Power Play

Capitals - 0 on 6 Attempt(s) - 0.00%
Kings - 1 on 4 Attempt(s) - 25.00%

Penalty Kill

Capitals - 3 on 4 Attempt(s) - 75.00% - Score 0 goal in Penalty Kill
Kings - 6 on 6 Attempt(s) - 100.00% - Score 1 goal in Penalty Kill

Team Stat

Capitals - Hits : 25 - Faceoff Wins : 32 - Blocked Shots : 6 - Penalty Minutes : 8
Kings - Hits : 20 - Faceoff Wins : 44 - Blocked Shots : 9 - Penalty Minutes : 12

Official

Referees : Mike Leggo and Jean Hebert
Linesman : Pierre Racicot and Brian Murphy

Game Notes

No Game Note

Finance

Level 1 -- Attendance: 5789 (89.06%) -- Ticket Income 578 900 $
Level 2 -- Attendance: 4189 (83.78%) -- Ticket Income 356 065 $
Level 3 -- Attendance: 2957 (84.49%) -- Ticket Income 192 205 $
Level 4 -- Attendance: 1785 (84.28%) -- Ticket Income 89 250 $
Luxury Box -- Attendance: 697 (69.70%) -- Ticket Income 174 250 $
Game was played at the Staples Center.
Total Attendance: 15417 (85.09%)
Total Ticket Income: 1 390 670 $
Other Income: 681 428 $
Total Income: 2 072 098 $

% Time on Ice - Capitals

Lines # - Real PCT - Wanted PCT - Time Play
Normal Forward
1 - 27% - 40% - 11:00
2 - 28% - 30% - 11:40
3 - 33% - 20% - 13:30
4 - 12% - 10% - 4:56
Normal Defense
1 - 32% - 40% - 13:21
2 - 32% - 30% - 13:00
3 - 29% - 20% - 11:58
4 - 7% - 10% - 2:47
PP Forward
1 - 53% - 60% - 5:58
2 - 47% - 40% - 5:17
PP Defense
1 - 56% - 60% - 6:21
2 - 44% - 40% - 4:54
PK Forward
1 - 75% - 60% - 5:45
2 - 25% - 40% - 1:54
PK Defense
1 - 55% - 60% - 4:14
2 - 45% - 40% - 3:25
PK3 Forward
1 - 0% - 60%
2 - 0% - 40%
PK3 Defense
1 - 0% - 60%
2 - 0% - 40%
44 Forward
1 - 0% - 60%
2 - 0% - 40%
44 Defense
1 - 0% - 60%
2 - 0% - 40%
Last Minute Offensive  - 0:00
Last Minute Defensive  - 0:00
Total
Forward - 60:00
Defense - 60:00

% Time on Ice - Kings

Lines # - Real PCT - Wanted PCT - Time Play
Normal Forward
1 - 28% - 40% - 11:34
2 - 28% - 30% - 11:24
3 - 23% - 20% - 9:39
4 - 21% - 10% - 8:29
Normal Defense
1 - 36% - 40% - 14:54
2 - 30% - 30% - 12:18
3 - 32% - 20% - 13:02
4 - 2% - 10% - 0:52
PP Forward
1 - 48% - 60% - 3:40
2 - 52% - 40% - 3:59
PP Defense
1 - 48% - 60% - 3:40
2 - 52% - 40% - 3:59
PK Forward
1 - 70% - 60% - 7:27
2 - 30% - 40% - 3:09
PK Defense
1 - 64% - 60% - 6:47
2 - 36% - 40% - 3:49
PK3 Forward
1 - 100% - 60% - 0:39
2 - 0% - 40% - 0:00
PK3 Defense
1 - 33% - 60% - 0:13
2 - 67% - 40% - 0:26
44 Forward
1 - 0% - 60%
2 - 0% - 40%
44 Defense
1 - 0% - 60%
2 - 0% - 40%
Last Minute Offensive  - 0:00
Last Minute Defensive  - 0:00
Total
Forward - 60:00
Defense - 60:00

Play-by-Play

1st period


0:01 of 1st period - Mathieu Perreault wins face-off versus Joe Pavelski in neutral zone.
0:03 of 1st period - Off-side.
0:04 of 1st period - Jonathan Toews wins face-off versus Ryan Kesler in neutral zone.
0:06 of 1st period - Off-side.
0:07 of 1st period - Mikael Backlund wins face-off versus Cody Eakin in neutral zone.
0:14 of 1st period - Shot by Mikael Backlund.
0:14 of 1st period - Shot Misses the Net.
0:52 of 1st period - Icing by Klas Dahlbeck.
0:53 of 1st period - Mikael Backlund wins face-off versus Mathieu Perreault in Kings zone.
1:27 of 1st period - Shot by Nick Bjugstad.
1:27 of 1st period - Shot Misses the Net.
1:37 of 1st period - Shot by Joe Pavelski.
1:37 of 1st period - Goal by Joe Pavelski - Capitals : 0 - Kings : 1.
1:38 of 1st period - Ryan Kesler wins face-off versus Jonathan Toews in neutral zone.
1:56 of 1st period - Shot by Evan Rodrigues.
1:56 of 1st period - Shot Blocked by Matt Hunwick.
3:25 of 1st period - Minor Penalty to Erik Johnson for Unsportsmanlike conduct.
3:26 of 1st period - Joe Pavelski wins face-off versus Taylor Hall in Kings zone.
4:30 of 1st period - Shot by Dmitri Orlov.
4:30 of 1st period - Shot Blocked by Austin Watson.
4:32 of 1st period - Shot by Dmitri Orlov.
4:32 of 1st period - Stopped by Jacob Markstrom without a rebound.
4:33 of 1st period - Mikael Backlund wins face-off versus Taylor Hall in Kings zone.
6:47 of 1st period - Icing by Ben Chiarot.
6:48 of 1st period - Jonathan Toews wins face-off versus Alexander Ovechkin in Capitals zone.
6:48 of 1st period - Jonathan Toews is hit by Ben Chiarot.
8:22 of 1st period - Minor Penalty to Derek Dorsett for Roughing.
8:23 of 1st period - Jonathan Toews wins face-off versus David Desharnais in Capitals zone.
8:43 of 1st period - Jesper Fast is hit by Dmitri Orlov and loses puck.
11:10 of 1st period - Off-side.
11:11 of 1st period - Oskar Sundqvist wins face-off versus Mathieu Perreault in neutral zone.
11:31 of 1st period - Shot by Mathieu Perreault.
11:31 of 1st period - Shot Misses the Net.
11:33 of 1st period - Shot by Morgan Rielly.
11:33 of 1st period - Stopped by Jacob Markstrom without a rebound.
11:34 of 1st period - Ryan Kesler wins face-off versus Jonathan Toews in Kings zone.
11:35 of 1st period - Shot by Evan Rodrigues.
11:35 of 1st period - Shot Blocked by John Moore.
11:41 of 1st period - Shot by Jonathan Toews.
11:41 of 1st period - Shot Misses the Net.
11:51 of 1st period - Shot by Jonathan Toews.
11:51 of 1st period - Stopped by Martin Jones with a rebound.
11:58 of 1st period - Icing by David Desharnais.
11:59 of 1st period - Ryan Kesler wins face-off versus Mikael Backlund in Capitals zone.
11:59 of 1st period - Ryan Kesler is hit by Mikael Backlund.
12:07 of 1st period - Shot by Evan Rodrigues.
12:07 of 1st period - Stopped by Jacob Markstrom without a rebound.
12:08 of 1st period - Mathieu Perreault wins face-off versus Joe Pavelski in Kings zone.
12:15 of 1st period - Shot by Nick Bjugstad.
12:15 of 1st period - Stopped by Martin Jones without a rebound.
12:16 of 1st period - Joe Pavelski wins face-off versus Mathieu Perreault in Capitals zone.
12:24 of 1st period - Minor Penalty to John Moore for Holding.
12:25 of 1st period - Taylor Hall wins face-off versus Joe Pavelski in Kings zone.
12:26 of 1st period - Shot by Morgan Rielly.
12:26 of 1st period - Stopped by Jacob Markstrom without a rebound.
12:27 of 1st period - Joe Pavelski wins face-off versus Ryan Kesler in Kings zone.
12:27 of 1st period - Jonathan Toews is hit by Alexander Ovechkin and loses puck.
12:44 of 1st period - Shot by Ryan McDonagh.
12:44 of 1st period - Shot Blocked by Erik Johnson.
13:46 of 1st period - Shot by Mathieu Perreault.
13:46 of 1st period - Stopped by Jacob Markstrom without a rebound.
13:47 of 1st period - Taylor Hall wins face-off versus Mikael Backlund in Kings zone.
14:23 of 1st period - Icing by Taylor Hall.
14:24 of 1st period - Anthony Cirelli wins face-off versus Lukas Sedlak in Capitals zone.
15:43 of 1st period - Shot by Ryan McDonagh.
15:43 of 1st period - Stopped by Jacob Markstrom without a rebound.
15:44 of 1st period - Mathieu Perreault wins face-off versus Joe Pavelski in Kings zone.
16:01 of 1st period - Shot by Alexander Ovechkin.
16:01 of 1st period - Stopped by Jacob Markstrom without a rebound.
16:02 of 1st period - Jonathan Toews wins face-off versus Ryan Kesler in Kings zone.
16:02 of 1st period - Jonathan Toews is hit by Ryan Kesler.
16:26 of 1st period - Jonathan Toews is hit by Ben Chiarot and loses puck.
16:33 of 1st period - Shot by David Desharnais.
16:33 of 1st period - Stopped by Jacob Markstrom without a rebound.
16:34 of 1st period - Mathieu Perreault wins face-off versus Joe Pavelski in Kings zone.
16:35 of 1st period - Shot by Taylor Hall.
16:35 of 1st period - Shot Blocked by Travis Sanheim.
17:49 of 1st period - Shot by Cody Eakin.
17:49 of 1st period - Stopped by Jacob Markstrom without a rebound.
17:50 of 1st period - Jonathan Toews wins face-off versus Ryan Kesler in Kings zone.
17:50 of 1st period - Jonathan Toews is hit by Ryan Kesler.
17:59 of 1st period - Daniel Sedin is hit by Ben Chiarot and loses puck.
18:20 of 1st period - Shot by Jonathan Toews.
18:20 of 1st period - Stopped by Martin Jones with a rebound.
18:22 of 1st period - Shot by Jonathan Toews.
18:22 of 1st period - Stopped by Martin Jones with a rebound.
18:26 of 1st period - Shot by Jonathan Toews.
18:26 of 1st period - Shot Misses the Net.
18:28 of 1st period - Shot by Mark Jankowski.
18:28 of 1st period - Stopped by Martin Jones with a rebound.
18:50 of 1st period - Shot by Mikael Backlund.
18:50 of 1st period - Shot Misses the Net.
18:52 of 1st period - Shot by Stephen Johns.
18:52 of 1st period - Stopped by Martin Jones without a rebound.
18:53 of 1st period - Mathieu Perreault wins face-off versus Anthony Cirelli in Capitals zone.
18:53 of 1st period - Mathieu Perreault is hit by Jesper Fast.
19:02 of 1st period - Taylor Hall is hit by Stephen Johns and loses puck.
19:13 of 1st period - Shot by Alexander Ovechkin.
19:13 of 1st period - Shot Misses the Net.
19:15 of 1st period - Shot by Mathieu Perreault.
19:15 of 1st period - Shot Misses the Net.
19:17 of 1st period - Shot by Morgan Rielly.
19:17 of 1st period - Stopped by Jacob Markstrom with a rebound.
19:35 of 1st period - Minor Penalty to Anthony Cirelli for Goalie Interference.
19:36 of 1st period - Mathieu Perreault wins face-off versus Joe Pavelski in Kings zone.
19:43 of 1st period - Shot by David Desharnais.
19:43 of 1st period - Shot Misses the Net.
19:45 of 1st period - Shot by Dmitri Orlov.
19:45 of 1st period - Stopped by Jacob Markstrom with a rebound.
19:47 of 1st period - Shot by Cody Eakin.
19:47 of 1st period - Deflect By Mathieu Perreault.
19:47 of 1st period - Stopped by Jacob Markstrom without a rebound.
19:48 of 1st period - Joe Pavelski wins face-off versus Taylor Hall in Kings zone.
Goals for this period are 0 for Capitals vs 1 for Kings.
Shots for this period are 12 for Capitals vs 7 for Kings.

2nd period


0:01 of 2nd period - Taylor Hall wins face-off versus Joe Pavelski in neutral zone.
0:16 of 2nd period - Shot by Taylor Hall.
0:16 of 2nd period - Deflect By Alexander Ovechkin.
0:16 of 2nd period - Shot Misses the Net.
0:18 of 2nd period - Shot by Ryan McDonagh.
0:18 of 2nd period - Shot Misses the Net.
0:55 of 2nd period - Minor Penalty to Patrik Berglund for Hooking.
0:56 of 2nd period - Joe Pavelski wins face-off versus David Desharnais in Kings zone.
0:56 of 2nd period - Joe Pavelski is hit by Mathieu Perreault.
1:10 of 2nd period - Shot by Dmitri Orlov.
1:10 of 2nd period - Stopped by Jacob Markstrom without a rebound.
1:11 of 2nd period - Joe Pavelski wins face-off versus Mathieu Perreault in Kings zone.
1:21 of 2nd period - Icing by Dmitri Orlov.
1:22 of 2nd period - Joe Pavelski wins face-off versus Mathieu Perreault in Capitals zone.
1:41 of 2nd period - Shot by Mathieu Perreault.
1:41 of 2nd period - Shot Misses the Net.
1:43 of 2nd period - Shot by David Desharnais.
1:43 of 2nd period - Shot Misses the Net.
2:04 of 2nd period - Morgan Rielly is hit by John Moore and loses puck.
3:16 of 2nd period - Shot by Lukas Sedlak.
3:16 of 2nd period - Stopped by Jacob Markstrom without a rebound.
3:17 of 2nd period - Ryan Kesler wins face-off versus Anthony Cirelli in Kings zone.
3:45 of 2nd period - Shot by Anthony Cirelli.
3:45 of 2nd period - Deflect By Jesper Fast.
3:45 of 2nd period - Shot Misses the Net.
3:47 of 2nd period - Shot by Anthony Cirelli.
3:47 of 2nd period - Shot Blocked by Ryan McDonagh.
3:49 of 2nd period - Shot by Oskar Sundqvist.
3:49 of 2nd period - Stopped by Martin Jones without a rebound.
3:50 of 2nd period - Derek Dorsett wins face-off versus Jonathan Toews in Capitals zone.
4:36 of 2nd period - Icing by Mike Green.
4:37 of 2nd period - Mikael Backlund wins face-off versus Cody Eakin in Capitals zone.
4:45 of 2nd period - Icing by Mike Green.
4:46 of 2nd period - Patrik Berglund wins face-off versus Derek Dorsett in Capitals zone.
6:04 of 2nd period - Calvin de Haan is hit by Austin Watson and loses puck.
6:27 of 2nd period - Ryan Kesler is hit by Stephen Johns and loses puck.
6:58 of 2nd period - Shot by Daniel Sedin.
6:58 of 2nd period - Stopped by Martin Jones without a rebound.
6:59 of 2nd period - Joe Pavelski wins face-off versus Alexander Ovechkin in Capitals zone.
7:00 of 2nd period - Shot by Nick Bjugstad.
7:00 of 2nd period - Stopped by Martin Jones without a rebound.
7:01 of 2nd period - Joe Pavelski wins face-off versus Mathieu Perreault in Capitals zone.
7:12 of 2nd period - Shot by Patrik Berglund.
7:12 of 2nd period - Stopped by Martin Jones without a rebound.
7:13 of 2nd period - Jonathan Toews wins face-off versus Derek Dorsett in Capitals zone.
7:31 of 2nd period - Shot by Cody Eakin.
7:31 of 2nd period - Shot Misses the Net.
7:34 of 2nd period - Minor Penalty to Derek Dorsett for Holding.
7:35 of 2nd period - Joe Pavelski wins face-off versus David Desharnais in Capitals zone.
7:48 of 2nd period - Shot by John Moore.
7:48 of 2nd period - Stopped by Martin Jones with a rebound.
8:00 of 2nd period - Shot by Erik Johnson.
8:00 of 2nd period - Shot Blocked by Ryan McDonagh.
8:02 of 2nd period - Shot by Erik Johnson.
8:02 of 2nd period - Stopped by Martin Jones without a rebound.
8:03 of 2nd period - Jonathan Toews wins face-off versus David Desharnais in Capitals zone.
8:24 of 2nd period - Shot by Jonathan Toews.
8:24 of 2nd period - Shot Blocked by Morgan Rielly.
8:31 of 2nd period - Icing by Jonathan Toews.
8:32 of 2nd period - David Desharnais wins face-off versus Jonathan Toews in Kings zone.
8:49 of 2nd period - Shot by Cody Eakin.
8:49 of 2nd period - Stopped by Jacob Markstrom with a rebound.
8:51 of 2nd period - Shot by Dmitri Orlov.
8:51 of 2nd period - Shot Misses the Net.
8:53 of 2nd period - Shot by Dmitri Orlov.
8:53 of 2nd period - Shot Blocked by Matt Hunwick.
8:55 of 2nd period - Shot by Ryan McDonagh.
8:55 of 2nd period - Stopped by Jacob Markstrom with a rebound.
9:03 of 2nd period - Matt Hunwick is hit by David Desharnais and loses puck.
10:27 of 2nd period - Icing by Mikael Backlund.
10:28 of 2nd period - Mikael Backlund wins face-off versus Derek Dorsett in Kings zone.
10:42 of 2nd period - Austin Watson is hit by Derek Dorsett and loses puck.
11:27 of 2nd period - Shot by Nick Bjugstad.
11:27 of 2nd period - Stopped by Martin Jones without a rebound.
11:28 of 2nd period - Ryan Kesler wins face-off versus Jonathan Toews in Capitals zone.
11:41 of 2nd period - Shot by Jonathan Toews.
11:41 of 2nd period - Deflect By Daniel Sedin.
11:41 of 2nd period - Shot Misses the Net.
11:55 of 2nd period - Shot by Jonathan Toews.
11:55 of 2nd period - Shot Misses the Net.
11:57 of 2nd period - Shot by Matt Hunwick.
11:57 of 2nd period - Stopped by Martin Jones without a rebound.
11:58 of 2nd period - Joe Pavelski wins face-off versus Mathieu Perreault in Capitals zone.
12:10 of 2nd period - Shot by Joe Pavelski.
12:10 of 2nd period - Stopped by Martin Jones without a rebound.
12:11 of 2nd period - Alexander Ovechkin wins face-off versus Anthony Cirelli in Capitals zone.
12:38 of 2nd period - Shot by Oskar Sundqvist.
12:38 of 2nd period - Deflect By Jesper Fast.
12:38 of 2nd period - Stopped by Martin Jones with a rebound.
13:16 of 2nd period - Shot by Patrik Berglund.
13:16 of 2nd period - Stopped by Martin Jones without a rebound.
13:17 of 2nd period - Ryan Kesler wins face-off versus Jonathan Toews in Capitals zone.
13:30 of 2nd period - Shot by Evan Rodrigues.
13:30 of 2nd period - Shot Blocked by Travis Sanheim.
13:33 of 2nd period - Icing by Jonathan Toews.
13:34 of 2nd period - Derek Dorsett wins face-off versus Jonathan Toews in Kings zone.
13:40 of 2nd period - Icing by Klas Dahlbeck.
13:41 of 2nd period - Ryan Kesler wins face-off versus Daniel Sedin in Kings zone.
13:41 of 2nd period - Ryan Kesler is hit by Klas Dahlbeck.
14:11 of 2nd period - Daniel Sedin is hit by Ryan Kesler and loses puck.
14:18 of 2nd period - Shot by Evan Rodrigues.
14:18 of 2nd period - Stopped by Jacob Markstrom without a rebound.
14:19 of 2nd period - Derek Dorsett wins face-off versus Joe Pavelski in Kings zone.
14:25 of 2nd period - Off-side.
14:26 of 2nd period - Mathieu Perreault wins face-off versus Joe Pavelski in neutral zone.
14:58 of 2nd period - Shot by Patrik Berglund.
14:58 of 2nd period - Shot Blocked by Mike Green.
15:13 of 2nd period - Minor Penalty to Nick Bjugstad for Holding.
15:14 of 2nd period - Ryan Kesler wins face-off versus Joe Pavelski in Kings zone.
15:39 of 2nd period - Shot by Cody Eakin.
15:39 of 2nd period - Stopped by Jacob Markstrom without a rebound.
15:40 of 2nd period - Mikael Backlund wins face-off versus Taylor Hall in Kings zone.
16:31 of 2nd period - Shot by David Desharnais.
16:31 of 2nd period - Stopped by Jacob Markstrom without a rebound.
16:32 of 2nd period - Mathieu Perreault wins face-off versus Mikael Backlund in Kings zone.
17:06 of 2nd period - Shot by Joe Pavelski.
17:06 of 2nd period - Shot Misses the Net.
17:10 of 2nd period - Shot by Austin Watson.
17:10 of 2nd period - Goal by Austin Watson - Capitals : 0 - Kings : 2.
17:11 of 2nd period - Mikael Backlund wins face-off versus Taylor Hall in neutral zone.
17:28 of 2nd period - Shot by Alexander Ovechkin.
17:28 of 2nd period - Shot Misses the Net.
17:30 of 2nd period - Shot by Ryan McDonagh.
17:30 of 2nd period - Shot Misses the Net.
17:32 of 2nd period - Shot by Ryan McDonagh.
17:32 of 2nd period - Shot Blocked by Travis Sanheim.
17:37 of 2nd period - Minor Penalty to Klas Dahlbeck for Tripping.
17:38 of 2nd period - Taylor Hall wins face-off versus Mikael Backlund in Kings zone.
18:37 of 2nd period - Off-side.
18:38 of 2nd period - Mikael Backlund wins face-off versus Mathieu Perreault in neutral zone.
Goals for this period are 0 for Capitals vs 1 for Kings.
Shots for this period are 7 for Capitals vs 12 for Kings.

3rd period


0:01 of 3rd period - Mathieu Perreault wins face-off versus Joe Pavelski in neutral zone.
0:04 of 3rd period - Shot by Taylor Hall.
0:04 of 3rd period - Shot Blocked by Patrik Berglund.
0:34 of 3rd period - Shot by Nick Bjugstad.
0:34 of 3rd period - Stopped by Martin Jones without a rebound.
0:35 of 3rd period - Jonathan Toews wins face-off versus Ryan Kesler in Capitals zone.
0:41 of 3rd period - Icing by Morgan Rielly.
0:42 of 3rd period - Ryan Kesler wins face-off versus Jonathan Toews in Capitals zone.
0:42 of 3rd period - Ryan Kesler is hit by Mark Jankowski.
1:07 of 3rd period - Shot by Matt Hunwick.
1:07 of 3rd period - Stopped by Martin Jones with a rebound.
2:21 of 3rd period - Shot by Joe Pavelski.
2:21 of 3rd period - Deflect By Patrik Berglund.
2:21 of 3rd period - Shot Misses the Net.
2:48 of 3rd period - Icing by Travis Sanheim.
2:49 of 3rd period - Mikael Backlund wins face-off versus Ryan Kesler in Kings zone.
2:54 of 3rd period - Shot by Victor Rask.
2:54 of 3rd period - Stopped by Martin Jones without a rebound.
2:55 of 3rd period - Anthony Cirelli wins face-off versus David Desharnais in Capitals zone.
3:10 of 3rd period - Klas Dahlbeck is hit by Ryan Kesler and loses puck.
4:03 of 3rd period - Shot by Alexander Ovechkin.
4:03 of 3rd period - Stopped by Jacob Markstrom without a rebound.
4:04 of 3rd period - Cody Eakin wins face-off versus Jonathan Toews in Kings zone.
4:04 of 3rd period - Calvin de Haan is hit by Stephen Johns and loses puck.
4:14 of 3rd period - Jonathan Toews is hit by Derek Dorsett and loses puck.
4:18 of 3rd period - Off-side.
4:19 of 3rd period - Joe Pavelski wins face-off versus Taylor Hall in neutral zone.
4:31 of 3rd period - Minor Penalty to Ryan McDonagh for Holding.
4:32 of 3rd period - Joe Pavelski wins face-off versus David Desharnais in Capitals zone.
4:33 of 3rd period - Shot by Erik Johnson.
4:33 of 3rd period - Shot Misses the Net.
4:35 of 3rd period - Shot by Erik Johnson.
4:35 of 3rd period - Shot Misses the Net.
4:53 of 3rd period - Shot by Nick Bjugstad.
4:53 of 3rd period - Shot Misses the Net.
5:25 of 3rd period - Alexander Ovechkin is hit by Jesper Fast and loses puck.
5:34 of 3rd period - Shot by Jonathan Toews.
5:34 of 3rd period - Shot Misses the Net.
5:36 of 3rd period - Shot by Matt Hunwick.
5:36 of 3rd period - Stopped by Martin Jones without a rebound.
5:37 of 3rd period - David Desharnais wins face-off versus Daniel Sedin in Capitals zone.
5:43 of 3rd period - Icing by Jonathan Toews.
5:44 of 3rd period - Jonathan Toews wins face-off versus David Desharnais in Kings zone.
6:11 of 3rd period - Shot by Daniel Sedin.
6:11 of 3rd period - Shot Blocked by Morgan Rielly.
6:13 of 3rd period - Shot by Jesper Fast.
6:13 of 3rd period - Goal by Jesper Fast - Capitals : 0 - Kings : 3.
6:14 of 3rd period - Mikael Backlund wins face-off versus Mathieu Perreault in neutral zone.
6:16 of 3rd period - Off-side.
6:17 of 3rd period - Mathieu Perreault wins face-off versus Joe Pavelski in neutral zone.
7:17 of 3rd period - Erik Johnson is hit by Derek Dorsett.
7:21 of 3rd period - Lukas Sedlak is hit by Joe Pavelski and loses puck.
7:48 of 3rd period - Shot by Daniel Sedin.
7:48 of 3rd period - Stopped by Martin Jones with a rebound.
7:50 of 3rd period - Shot by Matt Hunwick.
7:50 of 3rd period - Stopped by Martin Jones with a rebound.
7:52 of 3rd period - Shot by Daniel Sedin.
7:52 of 3rd period - Shot Misses the Net.
8:26 of 3rd period - Evan Rodrigues is hit by Austin Watson and loses puck.
8:42 of 3rd period - Shot by Evan Rodrigues.
8:42 of 3rd period - Stopped by Jacob Markstrom without a rebound.
8:43 of 3rd period - Anthony Cirelli wins face-off versus Mathieu Perreault in Kings zone.
9:38 of 3rd period - Shot by Daniel Sedin.
9:38 of 3rd period - Stopped by Martin Jones without a rebound.
9:39 of 3rd period - Joe Pavelski wins face-off versus Ryan Kesler in Capitals zone.
9:46 of 3rd period - Shot by Patrik Berglund.
9:46 of 3rd period - Stopped by Martin Jones with a rebound.
9:55 of 3rd period - Ryan Kesler is hit by Klas Dahlbeck and loses puck.
10:36 of 3rd period - Brandon Davidson is hit by Austin Watson and loses puck.
10:47 of 3rd period - Austin Watson is hit by Chris Thorburn and loses puck.
10:53 of 3rd period - Brandon Davidson is hit by Stephen Johns and loses puck.
11:02 of 3rd period - Shot by Austin Watson.
11:02 of 3rd period - Stopped by Martin Jones without a rebound.
11:03 of 3rd period - Jonathan Toews wins face-off versus Derek Dorsett in Capitals zone.
11:03 of 3rd period - John Moore is hit by Calvin de Haan and loses puck.
11:14 of 3rd period - Shot by Dmitri Orlov.
11:14 of 3rd period - Stopped by Jacob Markstrom with a rebound.
11:16 of 3rd period - Shot by Derek Dorsett.
11:16 of 3rd period - Goal by Derek Dorsett - Capitals : 1 - Kings : 3.
11:17 of 3rd period - Oskar Sundqvist wins face-off versus Ryan Kesler in neutral zone.
11:29 of 3rd period - Shot by Erik Johnson.
11:29 of 3rd period - Stopped by Martin Jones without a rebound.
11:30 of 3rd period - Patrik Berglund wins face-off versus Derek Dorsett in Capitals zone.
11:59 of 3rd period - Icing by Cody Eakin.
12:00 of 3rd period - Derek Dorsett wins face-off versus Jonathan Toews in Capitals zone.
12:28 of 3rd period - Dmitri Orlov is hit by Daniel Sedin and loses puck.
13:01 of 3rd period - John Moore is hit by Taylor Hall.
13:10 of 3rd period - Shot by Mathieu Perreault.
13:10 of 3rd period - Stopped by Jacob Markstrom with a rebound.
13:16 of 3rd period - Shot by Taylor Hall.
13:16 of 3rd period - Stopped by Jacob Markstrom without a rebound.
13:17 of 3rd period - Patrik Berglund wins face-off versus Ryan Kesler in Kings zone.
13:32 of 3rd period - Shot by Nick Bjugstad.
13:32 of 3rd period - Shot Misses the Net.
14:12 of 3rd period - Taylor Hall is hit by Stephen Johns and loses puck.
14:22 of 3rd period - Joe Pavelski is hit by Brandon Davidson.
15:01 of 3rd period - Mikael Backlund is hit by Calvin de Haan and loses puck.
15:15 of 3rd period - Erik Johnson is hit by Derek Dorsett and loses puck.
15:20 of 3rd period - Shot by Anthony Cirelli.
15:20 of 3rd period - Stopped by Martin Jones with a rebound.
15:29 of 3rd period - Jesper Fast is hit by Dmitri Orlov and loses puck.
15:42 of 3rd period - Shot by Anthony Cirelli.
15:42 of 3rd period - Shot Misses the Net.
15:52 of 3rd period - Lukas Sedlak is hit by Mark Jankowski and loses puck.
16:00 of 3rd period - Jonathan Toews is hit by Dmitri Orlov and loses puck.
16:08 of 3rd period - Jonathan Toews is hit by Calvin de Haan and loses puck.
16:16 of 3rd period - Minor Penalty to Dmitri Orlov for Holding Stick.
16:17 of 3rd period - Patrik Berglund wins face-off versus David Desharnais in Capitals zone.
16:19 of 3rd period - Joe Pavelski is hit by Mike Green and loses puck.
16:24 of 3rd period - Shot by Nick Bjugstad.
16:24 of 3rd period - Stopped by Martin Jones with a rebound.
16:26 of 3rd period - Shot by Matt Hunwick.
16:26 of 3rd period - Shot Misses the Net.
16:28 of 3rd period - Shot by Stephen Johns.
16:28 of 3rd period - Shot Misses the Net.
16:33 of 3rd period - Patrik Berglund is hit by Mike Green and loses puck.
17:52 of 3rd period - Shot by Patrik Berglund.
17:52 of 3rd period - Deflect By Joe Pavelski.
17:52 of 3rd period - Stopped by Martin Jones without a rebound.
17:53 of 3rd period - Joe Pavelski wins face-off versus David Desharnais in Capitals zone.
17:56 of 3rd period - Shot by Erik Johnson.
17:56 of 3rd period - Shot Misses the Net.
18:28 of 3rd period - Shot by Mikael Backlund.
18:28 of 3rd period - Stopped by Martin Jones without a rebound.
18:29 of 3rd period - Mathieu Perreault wins face-off versus Mikael Backlund in Capitals zone.
18:44 of 3rd period - Dmitri Orlov is hit by Austin Watson and loses puck.
19:19 of 3rd period - Shot by Oskar Sundqvist.
19:19 of 3rd period - Shot Blocked by Morgan Rielly.
19:57 of 3rd period - Ryan McDonagh is hit by Jesper Fast and loses puck.
Goals for this period are 1 for Capitals vs 1 for Kings.
Shots for this period are 6 for Capitals vs 15 for Kings.